 Dungeon Crawl Stone Soup version 0.23.0-3-gf3c87f2 (webtiles) character file.

Game seed: 6065776110062964285

58 ferdilos the Sneak (level 4, 0/24 HPs)
             Began as a Kobold Enchanter on Feb 22, 2019.
             Succumbed to an adder's poison
             ... on level 3 of the Dungeon.
             The game lasted 00:09:59 (3479 turns).

ferdilos the Sneak (Kobold Enchanter)               Turns: 3479, Time: 00:10:00

Health: 0/24       AC:  2    Str:  5    XL:     4   Next: 20%
Magic:  5/7        EV: 16    Int: 17    God:
Gold:   137        SH:  0    Dex: 15    Spells: 4/7 levels left

rFire    . . .     SeeInvis .   a - +1 dagger
rCold    + . .     Gourm    .   (shield restricted)
rNeg     . . .     Faith    .   b - +0 robe
rPois    .         Spirit   .   (no helmet)
rElec    .         Reflect  .   (no cloak)
rCorr    .         Harm     .   (no gloves)
MR       .....                  (no boots)
Stlth    ++++......             n - amulet of magic regeneration
HPRegen  0.08/turn              i - ring of stealth
MPRegen  0.35/turn              k - ring of protection from cold

@: lethally poisoned (0 -> -2)
A: small, carnivore
a: no special abilities


You were on level 3 of the Dungeon.
You were not hungry.

You visited 1 branch of the dungeon, and saw 3 of its levels.

You collected 137 gold pieces.

Inventory:

Hand Weapons
 a - a +1 dagger (weapon)
Armour
 b - a +0 robe (worn)
Jewellery
 i - a ring of stealth (left hand)
 k - a ring of protection from cold (right hand)
 n - an amulet of magic regeneration (around neck)
Potions
 c - a potion of degeneration {unknown}
 e - a potion of magic {unknown}
 f - a potion of heal wounds {unknown}
 g - 2 potions of flight {unknown}
 h - 2 potions of might {unknown}
 o - 2 potions of curing {unknown}
Comestibles
 d - 6 rations


   Skills:
 - Level 1.3 Short Blades
 + Level 3.1 Dodging
 * Level 5.2 Stealth
 - Level 2.1 Spellcasting
 * Level 3.8 Hexes


You had 4 spell levels left.
You knew the following spells:

 Your Spells              Type           Power        Failure   Level  Hunger
a - Corona                Hex            ##.....      4%          1    #......
b - Ensorcelled Hibernat  Hex/Ice        #.....       13%         2    ###....

Your spell library contained the following spells:

 Spells                   Type           Power        Failure   Level  Hunger
 Confuse                  Hex            ##......     12%         3    ###....
 Tukima's Dance           Hex            ##......     12%         3    ###....
 Dazzling Spray           Conj/Hex       #.....       26%         3    ###....


Dungeon Overview and Level Annotations

Branches:
Dungeon (3/15)

Altars:
Kikubaaqudgha
Vehumet


Innate Abilities, Weirdness & Mutations

You are small and have problems with some larger weapons.
You are carnivorous and can eat meat at any time.


Message History

The hobgoblin misses you.
* * * LOW HITPOINT WARNING * * *
You feel sick.
Your magical contamination has completely faded away.
Casting: Ensorcelled Hibernation (safe; 13% risk of failure)
Confirm with . or Enter, or press ? or * to list all spells.
Aiming: Ensorcelled Hibernation (safe; 13% risk of failure)
Press: ? - help, Shift-Dir - straight line, f - jackal
Aim: a jackal (chance to defeat MR: 57%)
The jackal resists with significant effort.
* * * LOW HITPOINT WARNING * * *
You feel sick. The jackal closely misses you. The jackal barely misses you.
Casting: Ensorcelled Hibernation (safe; 13% risk of failure)
Confirm with . or Enter, or press ? or * to list all spells.
Aiming: Ensorcelled Hibernation (safe; 13% risk of failure)
Press: ? - help, Shift-Dir - straight line, f/p - jackal
Aim: a jackal (chance to defeat MR: 57%)
The jackal resists with significant effort.
The jackal barely misses you. The jackal completely misses you.
You die...

.# .########
........#
##......#
.......!#####
##..........##
#......#.#..#####
#..........=....#
####..####.####@#
#.S##.....##.#
#..#.......#h#
#..#.......#g#
#......_.$..h#
#..#.......#g#
#..#.......#.##
#..##.?...##..#
#..####.####..#


You could see 2 jackals, a hobgoblin and a goblin.

Vanquished Creatures
  2 adders (D:2)
  2 dart slugs (D:1)
  5 bats
  4 giant cockroaches (D:1)
  5 goblins (D:1)
  5 hobgoblins
  3 jackals (D:1)
  A quokka (D:2)
  A ball python (D:2)
  4 frilled lizards
  A rat (D:2)
33 creatures vanquished.

Notes
Turn   | Place    | Note
-------+----------+-------------------------------------------
     0 | D:1      | ferdilos the Kobold Enchanter began the quest for the Orb.
     0 | D:1      | Reached XP level 1. HP: 10/10 MP: 3/3
   390 | D:1      | Reached XP level 2. HP: 15/15 MP: 5/5
   402 | D:1      | Learned a level 2 spell: Ensorcelled Hibernation
  1062 | D:1      | Reached XP level 3. HP: 10/19 MP: 0/6
  2476 | D:2      | Found a radiant altar of Vehumet.
  2588 | D:2      | Reached skill level 5 in Stealth
  2668 | D:2      | Reached XP level 4. HP: 24/24 MP: 4/7
  3446 | D:3      | Found an ancient bone altar of Kikubaaqudgha.
  3475 | D:3      | HP: 1/24 [poisoned by an adder]
  3479 | D:3      | Succumbed to an adder's poison

Skill      XL: |  1  2  3 |
---------------+----------+-----
Dodging        | 3 |  3.1
Stealth        | 5 |  5.2
Short Blades   | |  1.3
Spellcasting   | |  2.1
Hexes          | |  3.8

Action                   |  1- 3 |  4- 6 || total
-------------------------+-------+-------++-------
Melee: Dagger            |    60 |     3 ||    63
 Cast: Corona            |     4 |       ||     4
       Ensorcelled Hiber |    22 |     7 ||    29
  Use: Scroll            |       |     4 ||     4
 Stab: Sleeping          |    26 |     2 ||    28
  Eat: Chunk             |    12 |       ||    12
Armor: Robe              |     4 |     2 ||     6
Dodge: Dodged            |    44 |    11 ||    55
